 Seeded DCSS version 0.30-a0-377-g5cb311bc9f (webtiles) character file.

Game seed: 20221130 (custom seed)

27 flotson the Sneak (level 2, -2/24 HPs)
             Began as a Demonspawn Delver on Nov 30, 2022.
             Splashed by a jelly's acid (5 damage)
             ... on level 2 of the Dungeon.
             The game lasted 00:03:23 (1326 turns).

flotson the Sneak (Demonspawn Delver)               Turns: 1326, Time: 00:03:24

Health: -2/24      AC: 11    Str: 18    XL:     2   Next: 93%
Magic:  2/2        EV: 10    Int: 11    God:
Gold:   55         SH:  0    Dex: 16    Spells: 1/1 levels left

rFire   + . .      SeeInvis .    b - +2 short sword (venom)
rCold   . . .      Faith    .    (no shield)
rNeg    . . .      Spirit   .    j - +3 scale mail {rF+}
rPois   .          Reflect  .    n - +0 helmet
rElec   .          Harm     .    d - +0 cloak
rCorr   .          Rampage  .    (no gloves)
Will    .....                    (no boots)
Stlth   ++........               (no amulet)
HPRegen 0.24/turn                l - +6 ring of strength
MPRegen 0.08/turn                (no ring)

@: no status effects
A: thin skeletal structure 1
a: no special abilities


You were on level 2 of the Dungeon.
You visited 1 branch of the dungeon, and saw 5 of its levels.

You collected 55 gold pieces.

Inventory:

Hand Weapons
 a - a +0 spear
 b - a +2 short sword of venom (weapon)
Missiles
 s - 5 javelins (quivered)
Armour
 d - a +0 cloak (worn)
 j - a +3 scale mail of fire resistance (worn)
 n - a +0 helmet (worn)
Jewellery
 l - a +6 ring of strength (left hand)
Wands
 g - a wand of digging (2)
 h - a wand of polymorph (6)
Scrolls
 c - a scroll of fog
 e - 2 scrolls of noise {unknown}
 f - a scroll of summoning {unknown}
 p - a scroll of poison {unknown}
 q - a scroll of teleportation {unknown}
Potions
 i - 2 potions of might {unknown}
 k - 2 potions of degeneration {unknown}
 m - 2 potions of mutation {unknown}
 o - a potion of berserk rage {unknown}
 r - a potion of brilliance {unknown}
 t - a potion of flight {unknown}


   Skills:
 + Level 3.2 Fighting
 - Level 1.7 Polearms
 + Level 0.2 Throwing
 + Level 1.0 Armour
 + Level 2.1 Dodging
 - Level 4.5 Stealth
 + Level 1.1 Evocations


You had one spell level left.
You didn't know any spells.
Your spell library contained the following spells:

 Spells                   Type           Power      Damage    Failure   Level
 Dazzling Flash           Conj/Hex       0%         N/A       98%         3
 Agony                    Necr           0%         N/A       100%        5
 Alistair's Intoxication  Tmut/Pois      0%         N/A       100%        5
 Borgnjor's Vile Clutch   Necr/Erth      0%         N/A       100%        5
 Silence                  Hex/Air        0%         N/A       100%        5
 Eringya's Noxious Bog    Tmut/Pois      0%         N/A       100%        6


Dungeon Overview and Level Annotations

Branches:
Dungeon (5/15)
 Temple: D:4-7

Altars:
Vehumet

Shops:
D:2 (   D:4 =


Innate Abilities, Weirdness & Mutations

You have a somewhat thin skeletal structure. (Dex +2, Stealth+)


Message History

You pick up Great Wizards, Vol.
II and begin reading...
You add the spells Alistair's Intoxication, Borgnjor's Vile Clutch and Eringya's Noxious Bog to your library.
You open the door.
There is an open door here.
A kobold comes into view. It is wielding a +0 short sword.
The helpless kobold fails to defend itself.
You puncture the kobold!
You kill the kobold!
No target in view!
No target in view!
No target in view!
No target in view!
No target in view!
Things that are here:
a +0 short sword; a stone; a kobold corpse You open the door.
A jelly and an endoplasm come into view.
The jelly quivers.
You completely miss the jelly. The jelly misses you.
You hit the jelly.
Your hands burn!
The jelly is lightly wounded.
The jelly hits you but does no damage.
You hit the jelly.
Your hands burn!
The jelly is heavily wounded.
The jelly misses you.
You hit the jelly.
Your hands burn!
The jelly is severely wounded.
The jelly barely misses you.
You completely miss the jelly.
The jelly is severely wounded.
The jelly hits you.
You are splashed with acid!
* * * LOW HITPOINT WARNING * * *
You are too injured to fight recklessly!
You are too injured to fight recklessly!
You are too injured to fight recklessly!
You are too injured to fight recklessly!
You are too injured to fight recklessly!
You are too injured to fight recklessly!
You hit the jelly.
The jelly is poisoned.
Your hands burn!
You die...

....########
###########..>.#####
####### ######
###..))... ......#
..J..J#
##########.#####
#####.#
.PP...'##......###..#
...##.#
#)#.......##..#
##.##.#
#.#........'..#
.#.##.##
#.#........'..#
##.##..#
#J#'#......'.##
#.###.#
#@#.#.....##.# #.#
#.# #.#.#....#####
#.###.# ##.#######
#.....# ### #######


You could see a jelly (very poisoned).

Vanquished Creatures
  3 bats
  2 endoplasms
  A giant cockroach (D:1)
  A goblin (D:2)
  2 hobgoblins
  10 kobolds (D:2)
  2 quokkas
  A frilled lizard (D:2)
  5 rats (D:1)
27 creatures vanquished.

Vanquished Creatures (others)
  8 toadstools (D:2)
8 creatures vanquished.

Grand Total: 35 creatures vanquished

Notes
Turn   | Place    | Note
-------+----------+-------------------------------------------
     0 | D:5      | flotson the Demonspawn Delver began the quest for the Orb.
     0 | D:5      | Reached XP level 1. HP: 18/18 MP: 1/1
    57 | D:5      | Noticed an ogre
    87 | D:4      | Noticed an iguana
    93 | D:4      | Noticed an orc priest
   127 | D:4      | Found Xiness's One-of-a-Kind Rings.
   169 | D:4      | Noticed a wight
   169 | D:4      | Noticed a wight
   303 | D:2      | Found Vyaxu's Weapon Emporium.
   402 | D:2      | Found a radiant altar of Vehumet.
   430 | D:1      | Gained mutation: You have a somewhat thin skeletal
                  | structure. (Dex +2, Stealth+) [demonic ancestry]
   430 | D:1      | Reached XP level 2. HP: 24/24 MP: 2/2
  1141 | D:2      | Found a faded altar of an unknown god.
  1268 | D:2      | Reached skill level 1 in Evocations
  1281 | D:2      | Reached skill level 1 in Armour
  1326 | D:2      | Splashed by a jelly's acid

Illustrated notes

Levels and vault maps discovered:
D:1:      minmay_arrival_checkered_box, layout_loops_ring
D:2:      cheibrodos_fertilizer, layout_basic,
          shapermc_ecumenical_altar_notcrosses, basic_altar, serial_shops, shop
D:3:      layout_basic, amcnicky_altar_gilded, grunt_temple_overflow_open
D:4:      layout_loops_cross, yredelemnul_altar_generic,
          mainiacjoe_overflow_alcove_2, serial_shops, shop,
          nicolae_shop_hallway_plus, shop, nicolae_shop_unique_rings
D:5:      layout_basic, okawaru_metal_pillars_1_2, serial_shops,
          kennysheep_little_box, uniq_edmund

Skill      XL: |  1  2 |
---------------+-------+-----
Dodging        | 2 |  2.1
Evocations     | 1 |  1.1
Armour         | 1 |  1.0
Fighting       | |  3.2
Polearms       | |  1.7
Throwing       | |  0.2
Stealth        | |  4.5

Action                   || total
-------------------------++-------
Melee: Short sword       ||    69
       Spear             ||     7
Evoke: Wand              ||     1
  Use: Scroll            ||     2
       Potion            ||     1
 Stab: Sleeping          ||     5
Armor: Scale mail        ||    34
       Leather armour    ||     3
Dodge: Dodged            ||    31

Table legend: (Time is in decaauts)
 A = Elapsed time spent in this place.
 B = Non-inter-level travel time spent in this place.
 C = Inter-level travel time spent in this place.
 D = Time resting spent in this place.
 E = Time spent auto-exploring this place.
 F = Levels seen in this place.
 G = Mean time per level.
                   A        B        C        D        E       F      G
               +--------+--------+--------+--------+--------+-----+--------+
         Total |   1307 |   1284 |     23 |      0 |    865 |   5 |  261.4 |
       Dungeon |   1307 |   1284 |     23 |      0 |    865 |   5 |  261.4 |
               +--------+--------+--------+--------+--------+-----+--------+

Top non-repeatable levels by time:
     D:1: 592 daAuts
     D:2: 519 daAuts
     D:4: 93 daAuts
     D:5: 81 daAuts
     D:3: 20 daAuts
